 Dungeon Crawl Stone Soup version 0.31.0-32-g396128a36d (webtiles) character file.

Game seed: 2605892609310074078

2653 hawla the Nimble (level 9, 0/47 HPs)
             Began as a Felid Shapeshifter on Apr 10, 2024.
             Was an Initiate of Yredelemnul.
             Slain by a gnoll
             ... wielding a +0 spear
             ... led by a gnoll bouda
              (5 damage)
             ... on level 7 of the Dungeon.
             The game lasted 00:19:09 (7952 turns).

hawla the Nimble (Felid Shapeshifter)               Turns: 7952, Time: 00:19:09

Health: 0/47       AC:  2    Str: 14    XL:     9   Next: 36%
Magic:  9/12       EV: 26    Int: 11    God:    Yredelemnul [......]
Gold:   643        SH:  0    Dex: 17    Spells: 7/8 levels left
                                        Lives:  0   Deaths: 3

rFire   . .          .
                       - Unarmed
rCold   . . .        (shield unavailable)
rNeg    . . .        (body armour unavailable)
rPois   +            (helmet unavailable)
rElec   .            (cloak unavailable)
rCorr   .            (gloves unavailable)
SInv    +            (boots unavailable)
Will    ++...        q - amulet of faith
Stlth   +            (no ring)
HPRegen 0.27/turn    (no ring)
MPRegen 0.13/turn

%: faith
@: flux-form, glowing
A: glow, contaminating, very small, claws 1, fangs 3, see invisible, shaggy fur
2, stealthy paws, no weapons or thrown items, no armour, multi-lived, dopey 1,
strong-willed 1, poison resistance, wild magic 1
a: Begin Untransformation, Renounce Religion, Recall Undead Harvest


You were on level 7 of the Dungeon.
You worshipped Yredelemnul.
Yredelemnul was noncommittal.
You were something dangerously unstable.
You visited 2 branches of the dungeon, and saw 8 of its levels.
You also visited: Ossuary and Bailey.

You collected 768 gold pieces.
You spent 125 gold pieces at shops.

Inventory:

Jewellery
 q - an amulet of faith (around neck)
Talismans
 b - a beast talisman
 c - a flux talisman (active)
Scrolls
 f - a scroll of poison
 k - a scroll of immolation
 l - 2 scrolls of vulnerability {unknown}
 m - a scroll of enchant weapon {unknown}
 o - a scroll of enchant armour {unknown}
 s - a scroll of brand weapon {unknown}
Potions
 d - 2 potions of brilliance
 h - 3 potions of curing
 j - a potion of degeneration {unknown}
 n - 2 potions of might {unknown}
 p - a potion of attraction {unknown}


   Skills:
 - Level 5.0 Fighting
 - Level 8.6 Dodging
 - Level 3.0 Unarmed Combat
 + Level 2.6 Conjurations
 + Level 2.6 Fire Magic
 - Level 3.9 Invocations
 - Level 1.5 Evocations
 - Level 7.0 Shapeshifting


You had 7 spell levels left.
You knew the following spells:

 Your Spells              Type           Power      Damage    Failure   Level
a - Foxfire               Conj/Fire      28%        2x1d5     17%         1

Your spell library contained the following spells:

 Spells                   Type           Power      Damage    Failure   Level
 Lesser Beckoning         Tloc           0%         N/A       56%         2
 Gell's Gravitas          Tloc           0%         N/A       78%         3
 Teleport Other           Tloc           0%         N/A       78%         3
 Plasma Beam              Fire/Air       1%         2x1d11    100%        6
 Starburst                Conj/Fire      3%         6d3       100%        6


Dungeon Overview and Level Annotations

Branches:
Dungeon (7/15)             Temple (1/1) D:4         Ossuary (visited)
 Bailey (visited)

Altars:
Ashenzari
Dithmenos
Elyvilon
Gozag
Hepliaklqana
Kikubaaqudgha
Makhleb
Nemelex Xobeh
Okawaru
Qazlal
Trog
Uskayaw
Vehumet
Wu Jian
Xom
Yredelemnul
The Shining One

Shops:
D:1 =   D:3 *


Innate Abilities, Weirdness & Mutations

You are something dangerously unstable.
You glow with magical radiation, making you easy to see and hit.
Foes you strike become dangerously contaminated with magical radiation.
You have sharp claws.
You have razor-sharp teeth.
You have supernaturally acute eyesight. (SInv)
You are covered in thick fur. (AC +2)
Your paws help you pounce on unaware monsters.
You are incapable of wielding weapons or throwing items.
You cannot wear armour.
You gain extra lives every three experience levels.
You are dopey. (Int -2)
You are strong-willed. (Will+)
Your system is resistant to poisons. (rPois)
Your spells are a little harder to cast, but a little more powerful.


Message History

You feel better.
Your attacks no longer feel as feeble.
The gnoll completely misses you. The gnoll hits you with a +0 whip.
* * * LOW HITPOINT WARNING * * *
The gnoll closely misses you.
Casting: Foxfire (safe; 17% risk of failure)
Confirm with . or Enter, or press ? or * to list all spells.
You conjure some foxfire!
The foxfire hits the gnoll.
The gnoll is almost dead.
The gnoll closely misses you. The gnoll hits you with a +0 whip.
* * * LOW HITPOINT WARNING * * *
The gnoll misses you. x2
You scratch the gnoll.
You kill the gnoll!
The dead are walking!
The foxfire hits the gnoll.
The gnoll is moderately wounded.
The gnoll misses you. The gnoll barely misses you. The gnoll misses you.
The gnoll completely misses you.
Unknown command.
Casting: Foxfire (safe; 17% risk of failure)
Confirm with . or Enter, or press ? or * to list all spells.
You conjure some foxfire!
The gnoll completely misses you. The gnoll misses you.
The gnoll hits you from afar with a +0 spear.
* * * LOW HITPOINT WARNING * * *
You scratch the gnoll.
The gnoll begins to glow.
The gnoll is moderately wounded.
The foxfire hits the gnoll.
The gnoll is moderately wounded.
The foxfire hits the gnoll but does no damage.
The gnoll is moderately wounded.
The gnoll completely misses you. The gnoll hits you with a +0 whip.
* * * LOW HITPOINT WARNING * * *
Your gnoll zombie closely misses the gnoll.
The gnoll misses you. The gnoll barely misses you.
You scratch the gnoll but do no damage.
The gnoll glows dangerously bright.
The gnoll is moderately wounded.
The gnoll hits you from afar with a +0 spear.
You die...
Your body rises from the dead as a mindless zombie.

..~.... ..... #...#
. #...# ... # #.P.#
.
####..##+#gZ.####...
#).#......g.g.......
#..)...[.oggp.......
####.....gg#####....
:?....#### . ..♣..♣#
...♣## .♣


You could see a gnoll bouda, 6 gnolls, an orc and a friendly gnoll zombie.

Vanquished Creatures
  A steam dragon (D:6)
  2 sky beasts (D:6)
  5 orc warriors
  2 black bears (D:6)
  2 scorpions
  4 water moccasin zombies (Ossuary)
  A burial acolyte (Ossuary)
  2 wights (D:6)
  A spectral scorpion (Ossuary)
  3 jellies
  Crazy Yiuf (D:6)
  4 hounds
  2 gnoll boudas (D:7)
  3 iguanas
  Natasha (twice) (D:2)
  2 orc wizards
  A crocodile zombie (Ossuary)
  2 hound zombies (D:4)
  2 mummies (Ossuary)
  2 gnolls (D:7)
  5 adders
  A shadow imp (D:6)
  A white imp (D:6)
  9 adder zombies
  6 ribbon worms
  3 dart slugs
  23 orcs
  8 bats
  7 endoplasms
  2 giant cockroaches
  6 gnoll zombies (Ossuary)
  7 goblins
  10 hobgoblins
  4 jackals
  7 quokkas
  3 ball pythons
  7 frilled lizards
  3 jackal zombies (Ossuary)
  9 kobolds
  3 orc zombies (Ossuary)
  9 rats
177 creatures vanquished.

Vanquished Creatures (collateral kills)
  2 orc warriors (Bailey)
  A phantom (D:5)
  A jelly (D:4)
  A sleepcap (D:4)
  4 orcs
  A ball python (D:4)
  A hobgoblin (D:4)
  A kobold (D:4)
12 creatures vanquished.

Vanquished Creatures (others)
  A wight (D:6)
  A black bear zombie (D:6)
  A sky beast zombie (D:6)
  A hound zombie (D:6)
  A spectral iguana (D:6)
  An adder (D:6)
  A jelly zombie (D:6)
  2 adder zombies
  A spectral white imp (D:6)
  An endoplasm zombie (D:4)
  A gnoll zombie (D:7)
  3 hobgoblin zombies (D:4)
  12 orc zombies
  A quokka zombie (D:4)
  32 foxfires
60 creatures vanquished.

Grand Total: 249 creatures vanquished

Notes
Turn   | Place    | Note
-------+----------+-------------------------------------------
     0 | D:1      | hawla the Felid Shapeshifter began the quest for the Orb.
     0 | D:1      | Reached XP level 1. HP: 10/10 MP: 2/2
    94 | D:1      | Found Buopp's Jewellery Shoppe.
   104 | D:1      | Reached XP level 2. HP: 9/14 MP: 3/3
   536 | D:1      | Reached XP level 3. HP: 18/18 MP: 4/4
   842 | D:2      | Found a faded altar of an unknown god.
  1279 | D:2      | Reached XP level 4. HP: 16/22 MP: 5/5
  1279 | D:2      | Gained a life (2 lives remaining)
  1324 | D:2      | Noticed Natasha
  1330 | D:2      | Killed Natasha
  1334 | D:2      | Noticed Natasha
  1339 | D:2      | Slain by Natasha
  1339 | D:2      | Lost a life (1 life remaining)
  1350 | D:2      | Killed Natasha
  1801 | D:3      | Reached XP level 5. HP: 20/26 MP: 6/6
  1964 | D:3      | Found Ucopecuh's General Store.
  1967 | D:3      | Bought a scroll of teleportation for 30 gold pieces
  1967 | D:3      | Bought a scroll of revelation for 75 gold pieces
  1967 | D:3      | Bought a scroll of identify for 20 gold pieces
  1968 | D:3      | Gained mutation: You are dopey. (Int -2) [potion of
                  | mutation]
  1968 | D:3      | Gained mutation: You have hidden genetic defects. [potion
                  | of mutation]
  1968 | D:3      | Gained mutation: Your system is resistant to poisons.
                  | (rPois) [potion of mutation]
  2558 | D:4      | Reached skill level 5 in Shapeshifting
  2565 | D:4      | Gained mutation: You sometimes lose your temper in combat.
                  | [hidden defects]
  2702 | D:4      | Found a staircase to the Ecumenical Temple.
  2713 | Temple   | Entered the Ecumenical Temple
  2824 | D:4      | Slain by an iguana
  2824 | D:4      | Lost a life (0 lives remaining)
  2956 | D:4      | Found a basalt altar of Yredelemnul.
  2963 | D:4      | Gained mutation: You are covered in thick fur. (AC +2)
                  | [Felid growth]
  2963 | D:4      | Reached XP level 6. HP: 21/32 MP: 7/7
  2973 | D:4      | Reached skill level 3 in Dodging
  2976 | D:4      | Became a worshipper of Yredelemnul the Dark
  2977 | D:4      | Gained mutation: You have terrible hidden genetic defects.
                  | [hidden defects]
  2977 | D:4      | Lost mutation: You have terrible hidden genetic defects.
                  | [hidden defects expressed]
  3510 | D:4      | Reached * piety under Yredelemnul
  3649 | D:4      | Reached ** piety under Yredelemnul
  3739 | D:4      | Gained mutation: Your health recovers twice as slowly from
                  | being drained. [hidden defects]
  3823 | D:4      | Reached skill level 4 in Dodging
  3846 | D:4      | Gained mutation: You are very dopey. (Int -4) [hidden
                  | defects]
  3846 | D:4      | Lost mutation: You have hidden genetic defects. [hidden
                  | defects expressed]
  3998 | D:5      | Entered Level 5 of the Dungeon
  4000 | D:5      | Lost mutation: Your health recovers twice as slowly from
                  | being drained. [potion of mutation]
  4000 | D:5      | Lost mutation: You are very dopey. (Int -4) [potion of
                  | mutation]
  4000 | D:5      | Lost mutation: You sometimes lose your temper in combat.
                  | [potion of mutation]
  4000 | D:5      | Gained mutation: You are weak. (Str -2) [potion of
                  | mutation]
  4000 | D:5      | Gained mutation: Your spells are a little harder to cast,
                  | but a little more powerful. [potion of mutation]
  4000 | D:5      | Lost mutation: You are weak. (Str -2) [potion of mutation]
  4000 | D:5      | Gained mutation: You are strong-willed. (Will+) [potion of
                  | mutation]
  4131 | D:5      | Found a radiant altar of Vehumet.
  4164 | D:5      | Found a sand-covered staircase.
  4169 | Ossuary  | Entered an ossuary
  4328 | Ossuary  | Reached skill level 1 in Invocations
  4328 | Ossuary  | Reached XP level 7. HP: 23/36 MP: 8/8
  4328 | Ossuary  | Gained a life (1 life remaining)
  4407 | Ossuary  | Reached skill level 5 in Dodging
  4916 | D:5      | Reached skill level 6 in Dodging
  5326 | D:5      | Reached XP level 8. HP: 29/42 MP: 11/11
  6021 | D:6      | Reached skill level 7 in Dodging
  6021 | D:6      | Reached skill level 1 in Evocations
  6094 | D:6      | Reached skill level 5 in Fighting
  6243 | D:6      | Reached skill level 8 in Dodging
  6373 | D:6      | Found a hide-covered altar of Uskayaw.
  6392 | D:6      | Found a runed translucent door.
  6393 | D:6      | Noticed Crazy Yiuf
  6483 | D:6      | Noticed a rust devil
  6483 | D:6      | Noticed a rust devil
  6919 | D:6      | Killed Crazy Yiuf
  7050 | D:7      | Noticed a troll
  7050 | D:7      | Found a flagged portal.
  7055 | Bailey   | Entered a bailey
  7151 | Bailey   | Learned a level 1 spell: Foxfire
  7321 | Bailey   | Reached XP level 9. HP: 14/47 MP: 12/12
  7333 | Bailey   | Slain by an orc warrior
  7333 | Bailey   | Lost a life (0 lives remaining)
  7365 | Bailey   | Reached skill level 1 in Conjurations
  7365 | Bailey   | Reached skill level 1 in Fire Magic
  7379 | Bailey   | Identified the +2 kite shield "Efixali" {Int+4}
  7952 | D:7      | Slain by a gnoll

Illustrated notes

Levels and vault maps discovered:
D:1:      elethiomel_arrival_diamonds, layout_loops_cross, serial_shops, shop
D:2:      layout_loops_corners, ebering_ecumenical_altar_rust, uniq_natasha
D:3:      layout_basic, serial_shops, shop
D:4:      minmay_polygon_palace, layout_loops_ring,
          nicolae_yredelemnul_corpse_copse, minmay_temple_entry_statues_pillars,
          nicolae_figureground_sparkle
D:5:      layout_basic, kennysheep_little_box, nicolae_ossuary_entry_plus
D:6:      cheibrodos_iron_armory, layout_loops_ring,
          mainiacjoe_overflow_small_starburst, uniq_crazy_yiuf_cottage
D:7:      kennysheep_seaside_town, layout_basic, enter_bailey_2,
          minmay_misc_feat_five
Temple:   nicolae_temple_superstar

Skill      XL: |  1  2  3  4  5  6  7  8  9 |
---------------+----------------------------+-----
Shapeshifting  | 3 4 5 6 7 |  7.0
Fighting       | 2 3 4 5 |  5.0
Dodging        | 4 6 8 |  8.6
Invocations    | 1 3 |  3.9
Evocations     | 1 |  1.5
Conjurations   | 2 |  2.6
Fire Magic     | 2 |  2.6
Unarmed Combat | |  3.0

Action                     |  1- 3 |  4- 6 |  7- 9 || total
---------------------------+-------+-------+-------++-------
  Melee: Unarmed           |   107 |   227 |   292 ||   626
         Bite              |    12 |    19 |    45 ||    76
         Punch             |     1 |     2 |     2 ||     5
   Cast: Foxfire           |       |       |    18 ||    18
 Invoke: Recall Undead Har |       |       |     2 ||     2
  Evoke: Wand              |       |       |    10 ||    10
    Use: Scroll            |     2 |     6 |     6 ||    14
         Potion            |       |     3 |     7 ||    10
   Stab: Sleeping          |     1 |     1 |     3 ||     5
         Distracted        |     1 |       |     4 ||     5
 Armour: Skin              |    25 |    89 |   140 ||   254
  Dodge: Dodged            |    80 |   204 |   340 ||   624
   Form: Flux              |       |       |     1 ||     1
